 Dungeon Crawl Stone Soup version 0.20-a0-903-g7e3609c (webtiles) character file.

43 Dingo the Insei (level 3, -2/29 HPs)
             Began as a Draconian Transmuter on Mar 20, 2017.
             Slain by a worm (8 damage)
             ... on level 2 of the Dungeon.
             The game lasted 00:04:20 (1533 turns).

Dingo the Insei (Draconian Transmuter)              Turns: 1533, Time: 00:04:21

Health: -2/29      AC:  9    Str: 12    XL:     3   Next: 37%
Magic:  5/6        EV: 12    Int: 13    God:
Gold:   84         SH:  0    Dex: 12    Spells: 5/6 levels left

rFire    . . .     SeeInvis .     - Unarmed
rCold    . . .     Gourm    .   (armour unavailable)
rNeg     . . .     Faith    .   (no shield)
rPois    .         Spirit   .   n - +1 hat
rElec    .         Reflect  .   (no cloak)
rCorr    .         Harm     .   j - +2 pair of gloves {archery}
MR       .....                  (boots currently unavailable)
Stlth    +.........             (no amulet)
Regen    0.1/turn               (no ring)
MPRegen  0.1/turn               (no ring)

@: appendage
A: unfitting armour, talons 3, cold-blooded, AC +5
a: End Transformation


You were on level 2 of the Dungeon.
You were not hungry.
You had grown temporary talons.
You visited 1 branch of the dungeon, and saw 2 of its levels.

You collected 84 gold pieces.

Inventory:

Missiles
 a - 36 arrows
Armour
 g - a +2 shield
 j - a +2 pair of gloves of archery (worn)
 n - a +1 hat (worn)
Jewellery
 p - a -3 ring of strength
Scrolls
 d - 3 scrolls of identify {unknown}
 h - a scroll of remove curse
 i - a scroll of amnesia {unknown}
 k - a scroll of teleportation {unknown}
Potions
 e - a potion of heal wounds {unknown}
 f - a potion of invisibility {unknown}
 l - 2 potions of lignification {unknown}
 m - a potion of curing {unknown}
Books
 b - a book of Changes

   Spells                             Type                      Level
   a - Beastly Appendage              Transmutation                1
   b - Sticks to Snakes               Transmutation                2
   c - Spider Form                    Transmutation/Poison         3
   d - Ice Form                       Ice/Transmutation            4
   e - Blade Hands                    Transmutation                5
Comestibles
 c - a bread ration


   Skills:
 * Level 1.7 Fighting
 + Level 2.2 Dodging
 + Level 0.4 Stealth
 + Level 3.6 Unarmed Combat
 - Level 2.1 Spellcasting
 + Level 2.2 Transmutations


You had 5 spell levels left.
You knew the following spells:

 Your Spells              Type           Power        Failure   Level  Hunger
a - Beastly Appendage     Tmut           #.....       12%         1    ##.....


Dungeon Overview and Level Annotations

Branches:
Dungeon (2/15)

Altars:


Innate Abilities, Weirdness & Mutations

Your plain brown scales are hard. (AC +5)
You cannot fit into any form of body armour.
You are cold-blooded and may be slowed by cold attacks.
You have claws for feet.


Message History

The worm is heavily wounded.
The worm bites you!
You are too injured to fight recklessly!
You are too injured to fight recklessly!
You are too injured to fight recklessly!
You are too injured to fight recklessly!
You are too injured to fight recklessly!
You are too injured to fight recklessly!
Casting: Beastly Appendage
Confirm with . or Enter, or press ? or * to list all spells.
Your feet morph into talons.
You hit the worm. You claw the worm, but do no damage.
You tail-slap the worm, but do no damage.
The worm is heavily wounded.
The worm bites you.
* * * LOW HITPOINT WARNING * * *
You hit the worm. You claw the worm, but do no damage.
The worm is severely wounded.
The worm bites you!
You die...

#.........#
..8...
#.........##....#
#..............##
####............#
#..........8...
#.####.###.....
#. #.# ##... #
#.# #. #@# #w#
#.# #.# #.# #.#
#.# ...


You could see a worm.

Vanquished Creatures
  An ooze (D:1)
  A worm (D:2)
  A dart slug (D:1)
  2 leopard geckos (D:1)
  3 bats (D:1)
  A giant cockroach (D:1)
  6 goblins
  6 hobgoblins
  A ball python (D:1)
  3 frilled lizards (D:1)
  2 kobolds (D:1)
  5 rats
32 creatures vanquished.

Notes
Turn   | Place    | Note
-------+----------+-------------------------------------------
     0 | D:1      | Dingo the Draconian Transmuter began the quest for the Orb.
     0 | D:1      | Reached XP level 1. HP: 16/16 MP: 3/3
   351 | D:1      | Reached XP level 2. HP: 16/23 MP: 5/5
  1169 | D:1      | Reached XP level 3. HP: 27/28 MP: 6/6
  1533 | D:2      | Slain by a worm

Vault maps used:
D:1:      dpeg_arrival_morbid_curiosity, minmay_tetromino_s2
D:2:      minmay_misc_feat_five, minmay_misc_feat_four_crosses

Skill      XL: |  1 |
---------------+----+-----
Dodging        | 2 |  2.2
Fighting       | |  1.7
Stealth        | |  0.4
Unarmed Combat | |  3.6
Spellcasting   | |  2.1
Transmutations | |  2.2

Action                   || total
-------------------------++-------
Melee: Unarmed           ||   121
       Tailslap          ||     9
       Punch             ||     2
       Kick              ||     2
       Headbutt          ||     1
 Cast: Beastly Appendage ||     2
  Use: Scroll            ||     1
  Eat: Chunk             ||     2
Armor: Skin              ||    32
Dodge: Dodged            ||    83
